 Dungeon Crawl Stone Soup version 0.30-a0-634-g8abc85282e (webtiles) character file.

Game seed: 13777769956459800256

596 elagabalus the Cudgeller (level 7, -1/90 HPs)
             Began as an Armataur Berserker on Jan 14, 2023.
             Was a Priest of Trog.
             Slain by a gnoll
             ... wielding a +0 spear
              (4 damage)
             ... on level 4 of the Dungeon.
             The game lasted 00:22:56 (2778 turns).

elagabalus the Cudgeller (Armataur Berserker)       Turns: 2778, Time: 00:22:57

Health: -1/90      AC:  5    Str: 25    XL:     7   Next: 17%
Magic:  7/7        EV:  9    Int:  7    God:    Trog [***...]
Gold:   167        SH:  4    Dex:  9    Spells: 6/6 levels left

rFire   . . .      SeeInvis .    o - +0 morningstar
rCold   . . .      Faith    .    n - +1 buckler
rNeg    . . .      Spirit   .    s - +1 leather armour of Nogytergh {Slay+2}
rPois   .          Reflect  .    (no helmet)
rElec   .          Harm     .    (no cloak)
rCorr   .          Roll     +    (no gloves)
Will    .....                    (no barding) Stlth
                                 (no amulet)
HPRegen 0.35/turn                (no ring)
MPRegen 0.10/turn                (no ring)

@: berserking, lethally poisoned (-1 -> -3), very quick
A: large, rugged brown scales 3, deformed body, armoured tail, roll, long
tongue, awkward tongue
a: Renounce Religion, Berserk, Trog's Hand


You were on level 4 of the Dungeon.
You worshipped Trog.
Trog was most pleased with you.
You visited 2 branches of the dungeon, and saw 5 of its levels.

You collected 167 gold pieces.

Inventory:

Hand Weapons
 a - a +1 mace
 i - a +0 lajatang
 l - a +0 whip
 o - a +0 morningstar (weapon)
Missiles
 b - 2 javelins (quivered)
Armour
 h - a +0 ring mail
 n - a +1 buckler (worn)
 s - the +1 leather armour of Nogytergh (worn) {Slay+2}
   (You found it on level 3 of the Dungeon)

   Slay:      It affects your accuracy & damage with ranged weapons and melee
   (+2).
Jewellery
 d - a ring of fire
 r - an amulet of faith
Wands
 u - a wand of iceblast (11)
Scrolls
 c - 4 scrolls of poison
 k - a scroll of butterflies
 m - a scroll of brand weapon {unknown}
Potions
 e - a potion of degeneration {unknown}
 f - 2 potions of curing {unknown}
 g - 2 potions of might {unknown}
 j - a potion of brilliance {unknown}
 p - a potion of magic {unknown}
 q - a potion of flight {unknown}
 t - a potion of mutation {unknown}
 w - a potion of lignification {unknown}


   Skills:
 - Level 3.0 Fighting
 * Level 7.0 Maces & Flails
 * Level 3.3 Armour
 - Level 1.3 Dodging
 * Level 1.6 Shields


You had 6 spell levels left.
You didn't know any spells.
Your spell library was empty.

Dungeon Overview and Level Annotations

Branches:
Dungeon (4/15)             Temple (1/1) D:4

Altars:
Elyvilon
Okawaru
Sif Muna
Trog
Vehumet
Wu Jian
Xom
Zin

Annotations:
Temple 4 transporters


Innate Abilities, Weirdness & Mutations

You are completely covered in rugged brown scales. (AC +3, +7% HP)
Armour fits poorly on your strangely shaped body.
You have a long armoured tail.
You roll when moving toward enemies. (Rampage)
Your long tongue fully drains potion bottles. (2x potion effects)
Your tongue gives you trouble enunciating. (1.5x scroll delay)


Message History

The scorpion is lightly wounded.
The scorpion stings you.
The gnoll hits you from afar with a +0 spear!
* * * LOW HITPOINT WARNING * * *
You puncture the scorpion!
The scorpion is severely wounded.
The scorpion stings you.
* * * LOW HITPOINT WARNING * * *
You are poisoned.
The scorpion poisons you!
You sock the scorpion!
You kill the scorpion!
Trog accepts your kill.
You feel sick.
The gnoll hits you from afar with a +0 spear.
* * * LOW HITPOINT WARNING * * *
Your Maces & Flails skill increases to level 7!
You sock the gnoll!
You kill the gnoll!
Trog accepts your kill.
You feel sick.
The gnoll hits you from afar with a +0 spear.
* * * LOW HITPOINT WARNING * * *
You miss the jackal.
You feel sick.
The jackal bites you but does no damage.
The gnoll hits you from afar with a +0 spear!
* * * LOW HITPOINT WARNING * * *
You impale the jackal!!
You kill the jackal!
Trog accepts your kill.
You feel sick.
The gnoll hits you from afar with a +0 spear.
* * * LOW HITPOINT WARNING * * *
You impale the gnoll!!
You kill the gnoll!
Trog accepts your kill.
You roll towards the gnoll!
You barely miss the gnoll.
* * * LOW HITPOINT WARNING * * *
You feel sick. The gnoll hits you with a +0 spear.
You die...

...# .#.## #### #
## ##. ..# # ... #
..#.# # .## ♣ ###.
..#.#.# .
♣.##...####...... .
♣.......Kg.....# .
.♣.#..###@......#..
..
.........#†....!...
#..
.....###.#.........
........
..#.#.......##
....##.#
#.#.#.......#
.....#
#.#.#.......# ...#
#.#.#.......#
###.###.#.#..#.####
#...†.....#..#..


You could see a gnoll and a kobold.

Vanquished Creatures
  An ice beast (D:4)
  Blork the orc (D:4)
  2 scorpions (D:4)
  A howler monkey (D:3)
  A hound (D:4)
  Jessica (D:2)
  An iguana (D:3)
  Robin (D:2)
  3 gnolls (D:4)
  5 adders (D:2)
  2 worms (D:2)
  3 dart slugs
  3 orcs (D:4)
  9 endoplasms
  5 giant cockroaches
  14 goblins
  8 hobgoblins
  7 jackals
  4 quokkas
  8 ball pythons
  8 bats
  3 frilled lizards
  2 kobolds
  10 rats
103 creatures vanquished.

Vanquished Creatures (others)
  6 plants
6 creatures vanquished.

Grand Total: 109 creatures vanquished

Notes
Turn   | Place    | Note
-------+----------+-------------------------------------------
     0 | D:1      | elagabalus the Armataur Berserker began the quest for the
                  | Orb.
     0 | D:1      | Reached XP level 1. HP: 19/19 MP: 1/1
    54 | D:1      | Reached skill level 3 in Maces & Flails
    54 | D:1      | Reached XP level 2. HP: 19/26 MP: 2/2
   559 | D:1      | Reached ** piety under Trog
   680 | D:2      | Reached XP level 3. HP: 33/33 MP: 3/3
   730 | D:2      | Reached skill level 4 in Maces & Flails
   823 | D:2      | Reached XP level 4. HP: 40/40 MP: 4/4
   919 | D:2      | Noticed Robin
   942 | D:2      | Killed Robin
  1092 | D:2      | Noticed Jessica
  1096 | D:2      | Killed Jessica
  1097 | D:2      | Reached skill level 5 in Maces & Flails
  1097 | D:2      | Reached XP level 5. HP: 44/48 MP: 5/5
  1121 | D:2      | Reached *** piety under Trog
  1131 | D:2      | Identified the +3 dagger "Giot" {flame, rC+ Will+ Int+4}
  1439 | D:3      | Identified the +1 leather armour of Nogytergh {Slay+2}
  2424 | D:4      | Found a shimmering blue altar of Sif Muna.
  2429 | D:4      | Noticed Blork the orc
  2438 | D:4      | Killed Blork the orc
  2439 | D:4      | Reached skill level 6 in Maces & Flails
  2439 | D:4      | Reached skill level 1 in Shields
  2439 | D:4      | Reached XP level 6. HP: 54/54 MP: 6/6
  2520 | D:4      | Noticed an ice beast
  2527 | D:4      | Killed an ice beast
  2555 | D:4      | Found a staircase to the Ecumenical Temple.
  2569 | Temple   | Entered the Ecumenical Temple
  2569 | Temple   | Found a transporter.
  2569 | Temple   | Found a transporter.
  2571 | Temple   | Found a transporter.
  2571 | Temple   | Found a transporter.
  2770 | D:4      | Reached XP level 7. HP: 43/60 MP: 7/7
  2774 | D:4      | Reached skill level 7 in Maces & Flails
  2776 | D:4      | HP: 3/90 [gnoll/+0 spear (5)]
  2778 | D:4      | Slain by a gnoll

Illustrated notes

Levels and vault maps discovered:
D:1:      tarquinn_simple_flora_water_a, layout_basic, minmay_indecisive_spiral
D:2:      minmay_diamond_boxcup, layout_basic, uniq_jessica, uniq_robin
D:3:      layout_loops_corners, nicolae_underground_beach
D:4:      layout_basic, mainiacjoe_overflow_boulevard,
          minmay_temple_entry_overgrown, uniq_blork_the_orc
Temple:   hellmonk_temple_divided_pantheon

Skill      XL: |  1  2  3  4  5  6  7 |
---------------+----------------------+-----
Maces & Flails | 3 4 5 6 7 |  7.0
Fighting       | 3 |  3.0
Shields        | 1 |  1.6
Armour         | 3 |  3.3
Dodging        | |  1.3

Action                   |  1- 3 |  4- 6 |  7- 9 || total
-------------------------+-------+-------+-------++-------
Melee: Mace              |    82 |       |       ||    82
       Tailslap          |     4 |    18 |       ||    22
       Lajatang          |    19 |   111 |       ||   130
       Morningstar       |       |    71 |     9 ||    80
       Whip              |       |     6 |       ||     6
Invok: Berserk           |     1 |     3 |       ||     4
  Use: Scroll            |     1 |     7 |       ||     8
Armor: Animal skin       |    22 |       |       ||    22
       Leather armour    |     8 |    20 |     1 ||    29
       Ring mail         |    17 |    72 |       ||    89
Dodge: Dodged            |    66 |   110 |       ||   176
Block: Buckler           |       |     9 |       ||     9

Table legend: (Time is in decaauts)
 A = Elapsed time spent in this place.
 B = Non-inter-level travel time spent in this place.
 C = Inter-level travel time spent in this place.
 D = Time resting spent in this place.
 E = Time spent auto-exploring this place.
 F = Levels seen in this place.
 G = Mean time per level.
                   A        B        C        D        E       F      G
               +--------+--------+--------+--------+--------+-----+--------+
         Total |   2851 |    826 |   2025 |      0 |      0 |   5 |  570.2 |
       Dungeon |   2833 |    823 |   2010 |      0 |      0 |   4 |  708.2 |
        Temple |     17 |      2 |     15 |      0 |      0 |   1 |   17.0 |
               +--------+--------+--------+--------+--------+-----+--------+

Top non-repeatable levels by time:
     D:3: 972 daAuts
     D:1: 733 daAuts
     D:2: 625 daAuts
     D:4: 502 daAuts
  Temple: 17 daAuts
